 Dungeon Crawl Stone Soup version 0.19.1-1-g22dce08 (webtiles) character file.

4389 Jynx the Covert (level 10, 0/63 HPs)
             Began as a Vampire Enchanter on Jan 10, 2017.
             Was a Follower of Ashenzari.
             Slain by a killer bee (4 damage)
             ... on level 8 of the Dungeon.
             The game lasted 00:26:16 (10176 turns).

Jynx the Covert (Vampire Enchanter)                Turns: 10176, Time: 00:26:17

Health: 0/63       AC:  5    Str:  7    XL:     10   Next: 13%
Magic:  13/13      EV: 13    Int: 19    God:    Ashenzari [*.....]
Gold:   353        SH:  0    Dex: 17    Spells: 3 memorised, 7 levels left

rFire  . . .     SeeInvis +     r - +0 dagger (vamp)
rCold  + . .     Gourm    .     b - +2 robe (curse)
rNeg   + + .     Faith    .     (no shield)
rPois  +         Spirit   .     (no helmet)
rElec  .         Reflect  .     (no cloak)
rCorr  .         Harm     .     (no gloves)
MR     +....                    q - +0 pair of boots (curse)
Stlth  ++++++....               (no amulet)
                                (no ring)
                                (no ring)

@: regenerating slowly
A: fangs 3, see invisible, unbreathing
a: Bat Form, Curse Item, Scrying, Renounce Religion


You were on level 8 of the Dungeon.
You worshipped Ashenzari.
Ashenzari was aware of your devotion.
You were very thirsty.

You visited 2 branches of the dungeon, and saw 10 of its levels.
You also visited: Sewer.

You collected 353 gold pieces.

Inventory:

Hand Weapons
 a - a +2 dagger
 r - a +0 vampiric dagger (weapon)
Armour
 b - a cursed +2 robe (worn)
 q - a cursed +0 pair of boots (worn)
Wands
 j - a wand of polymorph (11/24)
 y - a wand of iceblast (4/15)
Scrolls
 e - 2 scrolls of teleportation
 f - a scroll of fog
 g - 3 scrolls of enchant armour
 k - a scroll of enchant weapon
 o - 2 scrolls of noise
 u - a scroll of remove curse
 v - a scroll of magic mapping
 A - a scroll of acquirement {unknown}
Potions
 h - a potion of haste {unknown}
 i - 2 potions of lignification
 l - a potion of brilliance {unknown}
 m - 2 potions of cancellation
 n - 2 potions of might
 p - 2 potions of flight {unknown}
 s - a potion of degeneration {unknown}
 t - a potion of ambrosia {unknown}
 x - a potion of cure mutation
Books
 c - a book of Maledictions

   Spells                             Type                      Level
   a - Corona                         Hexes                        1
   b - Ensorcelled Hibernation        Hexes/Ice                    2
   c - Confuse                        Hexes                        3
   d - Tukima's Dance                 Hexes                        3
   e - Dazzling Spray                 Conjuration/Hexes            3
 w - a book of Misfortune

   Spells                             Type                      Level
   a - Confusing Touch                Hexes                        1
   b - Confuse                        Hexes                        3
   c - Gell's Gravitas                Hexes/Translocation          3
   d - Petrify                        Transmutation/Earth          4
   e - Metabolic Englaciation         Hexes/Ice                    5
   f - Yara's Violent Unravelling     Hexes/Transmutation          5


   Skills:
 - Level 11.0 Short Blades
 + Level 2.5 Dodging
 * Level 12.3 Stealth
 - Level 2.0 Spellcasting
 + Level 11.3 Hexes


You had 7 spell levels left.
You knew the following spells:

 Your Spells              Type           Power        Failure   Level  Hunger
a - Corona                Hex            #####..      1%          1    #......
b - Ensorcelled Hibernat  Hex/Ice        ###...       2%          2    ###....
c - Confuse               Hex            #####...     1%          3    ###....


Dungeon Overview and Level Annotations

Branches:
Dungeon (9/15)             Temple (1/1) D:7
   Lair: D:8-11         Orc: D:9-12

Altars:
Ashenzari
Cheibriados
Dithmenos
Elyvilon
Fedhas
Nemelex Xobeh
Trog
Vehumet

Shops:
D:4 [   D:8 !


Innate Abilities, Weirdness & Mutations

You heal slowly.
You have razor-sharp teeth.
You have supernaturally acute eyesight. (SInv)
You can survive without breathing.


Message History

The killer bee stings you.
* * * LOW HITPOINT WARNING * * *
The killer bee closely misses you.
You fly upwards.
There is a stone staircase leading down here.
Unknown command.
You feel better. The killer bee closely misses you. The killer bee stings you.
* * * LOW HITPOINT WARNING * * *
The killer bee barely misses you.
Your transformation has ended.
Your +0 vampiric dagger unmelds from your body.
Your cursed +0 pair of boots unmelds from your body.
Your cursed +2 robe unmelds from your body.
You feel a bloodthirsty glee!
The killer bee stings you but does no damage.
The killer bee barely misses you. Magic courses through your body.
The killer bee stings you.
* * * LOW HITPOINT WARNING * * *
The killer bee stings you.
You die...

#....#
##.##.####........####
...#.#
#........#########
####.# ##.#.#.#.# #.#
#...<.#.# #.#
##..###.# #.#
#..>..#.# #.#
#####.#.# #.#
#y#.##### #.#
#@#.....#
#.###########.#####.#
#.............# #.####
############### #....#
####.# #.#######
#...(.... ######### #


You could see a killer bee.

Vanquished Creatures
  The ghost of alp the Spear-Bearer, a novice TeBe of Trog (D:7)
  Grinder (D:4)
  Sigmund (D:2)
  A yak (D:9)
  Duvessa (D:5)
  2 sky beasts
  2 ice beasts
  2 orc warriors (D:8)
  2 ogres
  A phantom (D:6)
  A centaur (D:6)
  2 big kobolds
  3 bullfrogs
  Dowan (D:5)
  A water moccasin zombie (D:6)
  2 scorpions
  7 killer bees
  A howler monkey (D:5)
  3 wights (D:6)
  A crimson imp (D:6)
  A bullfrog zombie (D:5)
  4 jellies
  2 orc priests (D:7)
  4 bullfrog skeletons
  A centaur skeleton (D:7)
  5 hounds
  3 iguanas
  5 orc wizards
  4 worker ants
  A hound zombie (D:5)
  3 hound skeletons
  A worker ant zombie (D:8)
  Robin (D:3)
  17 adders
  12 river rats
  3 shadow imps
  An adder skeleton (D:4)
  2 worms (D:2)
  5 dart slugs
  5 leopard geckos
  29 orcs
  6 giant cockroaches
  14 goblins
  7 hobgoblins
  10 jackals
  2 quokkas
  2 ball pythons
  6 bats
  5 frilled lizards
  A goblin zombie (D:5)
  14 kobolds
  A quokka zombie (D:5)
  26 rats
239 creatures vanquished.

Notes
Turn   | Place    | Note
-------+----------+-------------------------------------------
     0 | D:1      | Jynx the Vampire Enchanter began the quest for the Orb.
     0 | D:1      | Reached XP level 1. HP: 13/13 MP: 3/3
   401 | D:1      | Reached XP level 2. HP: 19/19 MP: 3/5
  1232 | D:1      | Learned a level 2 spell: Ensorcelled Hibernation
  1236 | D:2      | Reached skill level 5 in Stealth
  1345 | D:2      | You fall through a shaft!
  1579 | D:2      | Reached XP level 3. HP: 24/24 MP: 6/6
  1718 | D:2      | Reached skill level 5 in Hexes
  2099 | D:2      | Noticed Sigmund
  2104 | D:2      | Killed Sigmund
  2104 | D:2      | Reached skill level 6 in Stealth
  2104 | D:2      | Reached XP level 4. HP: 30/30 MP: 7/7
  2104 | D:2      | Reached XP level 5. HP: 35/35 MP: 8/8
  2958 | D:3      | Noticed Robin
  3037 | D:3      | Reached XP level 6. HP: 41/41 MP: 6/9
  3095 | D:3      | Killed Robin
  3515 | D:4      | Reached skill level 5 in Short Blades
  3629 | D:4      | Found Heudd's Antique Armour Shoppe.
  3922 | D:4      | Reached skill level 7 in Stealth
  3938 | D:4      | Noticed Grinder
  3944 | D:4      | Killed Grinder
  3944 | D:4      | Reached XP level 7. HP: 46/46 MP: 10/10
  4391 | D:5      | Entered Level 5 of the Dungeon
  4418 | D:4      | Learned a level 3 spell: Confuse
  4493 | D:5      | Reached skill level 8 in Stealth
  4511 | D:5      | Found a shadowy altar of Dithmenos.
  4836 | D:5      | Found a glowing drain.
  4917 | Sewer    | Entered a sewer
  5089 | Sewer    | Reached XP level 8. HP: 48/52 MP: 6/11
  5132 | Sewer    | Found a glowing silver altar of Zin.
  5575 | D:5      | Reached skill level 9 in Stealth
  5620 | D:5      | Noticed Dowan
  5621 | D:5      | Noticed Duvessa
  5821 | D:5      | Killed Duvessa
  5854 | D:5      | Killed Dowan
  6448 | D:6      | Reached skill level 10 in Stealth
  6555 | D:6      | Reached XP level 9. HP: 57/57 MP: 12/12
  7021 | D:7      | Found a staircase to the Ecumenical Temple.
  7032 | D:7      | Reached skill level 10 in Hexes
  7076 | Temple   | Entered the Ecumenical Temple
  7085 | Temple   | Became a worshipper of Ashenzari the Shackled
  7184 | D:7      | Noticed alp's ghost (novice TeBe)
  7361 | D:7      | Killed alp's ghost
  7361 | D:7      | Reached skill level 10 in Short Blades
  7361 | D:7      | Reached skill level 11 in Stealth
  7411 | D:7      | Found a snail-covered altar of Cheibriados.
  7631 | D:7      | Found a bloodstained altar of Trog.
  8600 | D:8      | Found Alui's Distillery.
  9400 | D:8      | Reached XP level 10. HP: 63/63 MP: 6/13
  9999 | D:8      | Reached * piety under Ashenzari
 10096 | D:9      | Reached skill level 12 in Stealth
 10176 | D:8      | Slain by a killer bee

Skill      XL: |  1  2  3  4  5  6  7  8  9 10 |
---------------+-------------------------------+-----
Stealth        | 5 6 7 8 10 11 12 | 12.3
Short Blades   | 2 4 6 7 9 11 | 11.0
Hexes          | 5 6 7 9 11 | 11.3
Dodging        | |  2.5
Spellcasting   | |  2.0

Action                   |  1- 3 |  4- 6 |  7- 9 | 10-12 || total
-------------------------+-------+-------+-------+-------++-------
Melee: Dagger            |    91 |   159 |   695 |   131 ||  1076
       Bite              |     4 |     9 |    61 |    13 ||    87
 Cast: Corona            |     3 |     1 |       |       ||     4
       Ensorcelled Hiber |     5 |    18 |    89 |    11 ||   123
       Confuse           |       |       |     6 |     3 ||     9
Invok: Curse Item        |       |       |     2 |       ||     2
 Abil: End Transformatio |       |       |       |     1 ||     1
       Bat Form          |       |       |       |     1 ||     1
  Use: Scroll            |       |    10 |    10 |       ||    20
       Potion            |       |       |     4 |     2 ||     6
 Stab: Sleeping          |    10 |    20 |    60 |    14 ||   104
       Distracted        |       |     1 |     3 |       ||     4
       Confused          |       |       |     6 |     2 ||     8
  Eat: Corpse            |     1 |     7 |    22 |     1 ||    31
Armor: Robe              |    21 |    29 |    86 |    14 ||   150
Dodge: Dodged            |    40 |   103 |   332 |    68 ||   543
